 Dungeon Crawl Stone Soup version 0.29.1-1-gd02db6906a (webtiles) character file.

Game seed: 12670933730296446212

22744 GreyHunter the Brawler (level 13, -3/105 HPs)
             Began as a Ghoul Gladiator on Sept 20, 2022.
             Was a High Priest of Okawaru.
             Constricted to death by an anaconda (4 damage)
             ... led by a naga ritualist
             ... on level 3 of the Lair of Beasts.
             The game lasted 01:01:34 (16785 turns).

GreyHunter the Brawler (Ghoul Gladiator)           Turns: 16785, Time: 01:01:35

Health: -3/105     AC: 11    Str: 23    XL:     13   Next: 2%
Magic:  7/18       EV: 12    Int:  7    God:    Okawaru [*****.]
Gold:   751        SH:  0    Dex: 12    Spells: 12/12 levels left

rFire   + + .      SeeInvis .     - Unarmed
rCold   + . .      Faith    .   (no shield)
rNeg    + + +      Spirit   .   L - +1 leather armour {rF+}
rPois   ∞          Reflect  .   b - +0 helmet
rElec   .          Harm     .   S - +1 cloak of Zagh {Str+2 Int-2 Stlth+}
rCorr   .          Rampage  .   y - +0 pair of gloves {Stlth+}
Will    .....                   J - +1 pair of boots {Fly}
Stlth   +++++.....              D - amulet of the acrobat
HPRegen 0.00/turn               e - +6 ring of intelligence
MPRegen 0.16/turn               l - ring of protection from fire

@: heroic, finesse-ful, flying, inhibited regen, constricted
A: claws 1, cold resistance 1, negative energy resistance 3, inhibited
regeneration, torment resistance 2, devour on kill
a: Renounce Religion, Heroism, Finesse, Duel


You were on level 3 of the Lair of Beasts.
You worshipped Okawaru.
Okawaru was extremely pleased with you.
You visited 5 branches of the dungeon, and saw 15 of its levels.
You also visited: Sewer and Bailey.

You collected 751 gold pieces.

Inventory:

Hand Weapons
 Q - the +4 great sword of Triumph {vorpal, *Slow rN+ Int+8}
   (Okawaru gifted it to you on level 1 of the Lair of Beasts)

   It inflicts extra damage upon your enemies.
   Int:       It affects your intelligence (+8).
   rN:        It protects you from negative energy.
   *Slow:     It may slow you when you take damage.
Missiles
 c - 4 throwing nets (quivered)
 d - 4 javelins
Armour
 b - a +0 helmet (worn)
 k - a +1 ring mail
 y - a +0 pair of gloves of stealth (worn)
 z - a +2 pair of boots of rampaging
 B - a +0 chain mail
 H - +0 steam dragon scales
 J - a +1 pair of boots of flying (worn)
 L - a +1 leather armour of fire resistance (worn)
 S - the +1 cloak of Zagh (worn) {Str+2 Int-2 Stlth+}
   (Okawaru gifted it to you on level 2 of the Lair of Beasts)

   Str:       It affects your strength (+2).
   Int:       It affects your intelligence (-2).
   Stlth:     It makes you more stealthy.
Jewellery
 e - a +6 ring of intelligence (left hand)
 l - a ring of protection from fire (right hand)
 p - a ring of flight
 C - an amulet of magic regeneration
 D - an amulet of the acrobat (around neck)
 T - an amulet of guardian spirit
Wands
 K - a wand of digging (2)
 N - a wand of paralysis (6)
 O - a wand of roots (7)
Scrolls
 a - a scroll of enchant weapon
 f - 3 scrolls of amnesia
 h - a scroll of summoning {unknown}
 i - 3 scrolls of magic mapping
 j - 3 scrolls of identify
 m - 2 scrolls of noise {unknown}
 n - 4 scrolls of enchant armour
 q - a scroll of fear
 r - 8 scrolls of teleportation
 s - 3 scrolls of vulnerability {unknown}
 t - a scroll of brand weapon {unknown}
 F - a scroll of torment
 G - 3 scrolls of butterflies
 I - a scroll of immolation {unknown}
Potions
 g - a potion of resistance {unknown}
 o - 2 potions of attraction
 u - 5 potions of mutation
 v - a potion of lignification {unknown}
 x - 6 potions of flight
 A - a potion of magic {unknown}
 E - 2 potions of haste
 M - a potion of brilliance {unknown}
 P - 2 potions of might {unknown}
 R - a potion of invisibility {unknown}


   Skills:
 + Level 7.0(12.0) Fighting
 - Level 1.7(6.7) Throwing
 - Level 5.0(10.0) Dodging
 + Level 20.0(25.0) Unarmed Combat
 - Level 8.0 Invocations


You had 12 spell levels left.
You didn't know any spells.
Your spell library contained the following spells:

 Spells                   Type           Power      Damage    Failure   Level
 Apportation              Tloc           0%         N/A       45%         1
 Freeze                   Ice            0%         1d3       45%         1
 Shock                    Conj/Air       0%         1d3       45%         1
 Slow                     Hex            0%         N/A       45%         1
 Poisonous Vapours        Pois/Air       0%         N/A       61%         2
 Confusing Touch          Hex            0%         N/A       83%         3
 Dazzling Flash           Conj/Hex       0%         N/A       83%         3
 Inner Flame              Hex/Fire       0%         N/A       83%         3
 Swiftness                Air            0%         N/A       83%         3
 Vampiric Draining        Necr           0%         2d6       83%         3
 Airstrike                Air            0%         2d(0-16)  99%         4
 Cause Fear               Hex            0%         N/A       99%         4
 Corpse Rot               Necr/Pois/Air  0%         N/A       99%         4
 Agony                    Necr           0%         N/A       100%        5
 Silence                  Hex/Air        0%         N/A       100%        5
 Discord                  Hex            0%         N/A       100%        8
 Sublimation of Blood     Necr           Unusable   N/A       N/A         2
 Wereblood                Tmut           Unusable   N/A       N/A         2
 Summon Hydra             Summ           Unusable   N/A       N/A         7

Dungeon Overview and Level Annotations

Branches:
Dungeon (9/15)             Temple (1/1) D:4            Lair (3/5) D:9
  Swamp (1/4) Lair:2        Snake (1/4) Lair:3        Sewer (visited)
 Bailey (visited)
    Orc: D:9-12

Altars:
Ashenzari
Cheibriados
Dithmenos
Fedhas
Gozag
Hepliaklqana
Kikubaaqudgha
Makhleb
Nemelex Xobeh
Okawaru
Qazlal
Ru
Sif Muna
Trog
Uskayaw
Vehumet
Wu Jian
Xom
Yredelemnul


Innate Abilities, Weirdness & Mutations

You are immune to poison.
You have sharp fingernails.
Your flesh is cold resistant. (rC+)
You are immune to negative energy. (rN+++)
You do not regenerate when monsters are visible.
You are immune to unholy pain and torment.
You thrive by killing the living.


Message History

Look: an anaconda (chance to affect: 90%)
As you read the scroll of fear, it crumbles to dust.
You assume a fearsome visage.
The naga warrior resists with almost no effort.
The naga warrior shouts!
The naga warrior resists with some effort.
The naga warrior looks frightened!
The black mamba looks frightened! x2; The anaconda resists with some effort.
The anaconda grabs you.
The anaconda bites you but does no damage.
The anaconda constricts you.
* * * LOW HITPOINT WARNING * * *
A mana viper comes into view.
The naga warrior spits poison at you.
The splash of poison hits you but does no damage.
You resist.
The anaconda bites you but does no damage.
The anaconda constricts you.
The anaconda's grasp on you weakens, but your attempt to escape fails.
You feel like a meek peon again. The anaconda bites you.
* * * LOW HITPOINT WARNING * * *
The anaconda constricts you.
* * * LOW HITPOINT WARNING * * *
The naga warrior roars a battlecry!
The nagas go into a battle-frenzy!
The anaconda bites you.
* * * LOW HITPOINT WARNING * * *
The anaconda constricts you.
* * * LOW HITPOINT WARNING * * *
You hear a shout!
You escape the anaconda's grasp.
The anaconda misses you. The anaconda closely misses you.
You fly upwards.
Welcome back to the Lair of Beasts!
There is a staircase to the Snake Pit here.
You gain the combat prowess of a mighty hero.
The anaconda grabs you. The anaconda bites you!
* * * LOW HITPOINT WARNING * * *
The anaconda constricts you.
You die...

######..#.# #P.
#.....# #..
##...## ###
####.## #
##.~..P♣.##
#~~P....P~#
#..♣♣.♣♣)≈#..
.P.
###~.♣S..♣.~#..
..P
#....).@......#
...
#..#PP♣...♣~~#P#
#.#
..#♣.♣♣)♣♣~.###
#.##


#~PPP.PPPP# ##.. # ##P.♣..P~## #..###### #. ####.#### #...#.#.# #..#....#
##....... #......### ##..#.#. ##.#.##.#.######.###### You could see an anaconda.

Vanquished Creatures
  A bunyip (Swamp:1)
  2 hydras
  2 centaur warriors (D:9)
  A skeletal warrior (D:9)
  A bog body (Lair:2)
  A cyclops (D:9)
  2 black mambas
  8 elephants (Lair:2)
  Joseph (D:8)
  5 cane toads
  A rime drake (Lair:1)
  Maggie (D:6)
  4 komodo dragons
  A freezing wraith (D:9)
  2 hornets (D:9)
  A polar bear (Lair:2)
  5 blink frogs (Lair:1)
  A slime creature (D:9)
  Sigmund (D:2)
  12 yaks
  A vampire (D:9)
  A basilisk (Lair:1)
  2 wyverns
  2 steam dragons (D:7)
  A vampire mosquito (D:9)
  Menkaure (D:7)
  A swamp worm (Lair:2)
  A naga (Lair:3)
  An acid dragon (D:9)
  3 water moccasins (Lair:2)
  A hornet zombie (D:8)
  2 ice beasts
  10 orc warriors
  2 black bears
  2 ogres
  8 wolves
  4 centaurs
  6 kobold brigands
  Blork the orc (D:5)
  9 bullfrogs
  8 necrophages
  5 scorpions
  A wight (D:9)
  4 killer bees (D:9)
  2 electric eels (Lair:2)
  6 howler monkeys
  4 orc priests
  2 hounds
  2 gnoll boudas
  3 jellies
  3 iron imps (D:7)
  Crazy Yiuf (D:6)
  5 iguanas
  An orc wizard (D:4)
  6 hell rats (Lair:1)
  A howler monkey zombie (D:8)
  15 gnolls
  9 adders
  2 river rats (Sewer)
  4 white imps
  A worm (D:4)
  4 dart slugs
  25 orcs
  10 ball pythons
  8 bats
  5 endoplasms
  4 giant cockroaches
  8 goblins
  12 hobgoblins
  7 jackals
  5 quokkas
  12 frilled lizards
  A goblin skeleton (D:6)
  A goblin zombie (D:6)
  3 hobgoblin zombies (D:6)
  30 kobolds
  A kobold skeleton (D:6)
  A kobold zombie (D:6)
  14 rats
348 creatures vanquished.

Vanquished Creatures (others)
  A bush (D:4)
  5 fungi
  22 plants
28 creatures vanquished.

Grand Total: 376 creatures vanquished

Notes
Turn   | Place    | Note
-------+----------+-------------------------------------------
     0 | D:1      | GreyHunter the Ghoul Gladiator began the quest for the Orb.
     0 | D:1      | Reached XP level 1. HP: 17/17 MP: 0/0
   265 | D:1      | Reached XP level 2. HP: 24/24 MP: 1/1
   275 | D:1      | Reached skill level 4 in Unarmed Combat
   729 | D:1      | Reached XP level 3. HP: 28/29 MP: 2/2
  1254 | D:1      | Found a faded altar of an unknown god.
  1366 | D:2      | Reached skill level 5 in Unarmed Combat
  1394 | D:2      | Reached XP level 4. HP: 36/36 MP: 3/3
  1707 | D:2      | Noticed Sigmund
  1818 | D:3      | Reached skill level 6 in Unarmed Combat
  1960 | D:3      | Found a broken altar of Ashenzari.
  2052 | D:3      | Reached XP level 5. HP: 21/41 MP: 4/4
  2634 | D:2      | Killed Sigmund
  2635 | D:2      | Reached skill level 7 in Unarmed Combat
  2635 | D:2      | Reached XP level 6. HP: 30/48 MP: 5/5
  2821 | D:2      | Reached skill level 8 in Unarmed Combat
  3588 | D:4      | Found a sacrificial altar of Ru.
  3603 | D:4      | Found a stormy altar of Qazlal.
  3612 | D:4      | Found a shimmering blue altar of Sif Muna.
  3656 | D:4      | Found a blossoming altar of Fedhas.
  3666 | D:4      | Reached XP level 7. HP: 46/55 MP: 6/6
  3716 | D:4      | Found a staircase to the Ecumenical Temple.
  3882 | D:4      | Found a glowing drain.
  3892 | Sewer    | Entered a sewer
  3910 | Sewer    | Reached skill level 9 in Unarmed Combat
  4231 | D:4      | Reached skill level 10 in Unarmed Combat
  4269 | Temple   | Entered the Ecumenical Temple
  4454 | Temple   | Became a worshipper of Warmaster Okawaru
  4591 | D:4      | Got Maofies's First Steps in Theurgy
  4638 | D:4      | Reached XP level 8. HP: 54/61 MP: 7/7
  4873 | D:4      | Identified the +6 spear of the Sea {pain, rElec rCorr
                  | Str+4}
  5061 | D:4      | Reached skill level 11 in Unarmed Combat
  5364 | D:5      | Entered Level 5 of the Dungeon
  5454 | D:5      | You are sucked into a shaft and drop 1 floor!
  5587 | D:5      | Identified the +2 robe of Avvefiur {Dex+3}
  5653 | D:5      | Reached * piety under Okawaru
  5654 | D:5      | Reached skill level 12 in Unarmed Combat
  5827 | D:5      | Found an opulent altar of Gozag.
  5989 | D:5      | Noticed Blork the orc
  6001 | D:5      | Killed Blork the orc
  6041 | D:5      | Reached XP level 9. HP: 64/67 MP: 8/8
  6552 | D:6      | Reached skill level 1 in Invocations
  6630 | D:6      | Noticed Maggie
  6645 | D:6      | Killed Maggie
  6646 | D:6      | Reached skill level 13 in Unarmed Combat
  7398 | D:6      | Found a runed translucent door.
  7399 | D:6      | Noticed Crazy Yiuf
  7406 | D:6      | Killed Crazy Yiuf
  7892 | D:7      | Found a burning altar of Makhleb.
  7927 | D:7      | Reached ** piety under Okawaru
  8129 | D:7      | Noticed Menkaure
  8136 | D:7      | Reached skill level 14 in Unarmed Combat
  8136 | D:7      | Reached XP level 10. HP: 73/73 MP: 11/11
  8138 | D:7      | Killed Menkaure
  8139 | D:7      | Reached skill level 5 in Dodging
  8491 | D:8      | Found a flagged portal.
  8624 | D:8      | Noticed Joseph
  8637 | D:8      | Killed Joseph
  8666 | Bailey   | Entered a bailey
  8708 | Bailey   | Found the +2 hat of the Bear Spirit {Spirit, *Rage Will++}
  8790 | Bailey   | Reached skill level 15 in Unarmed Combat
  8795 | Bailey   | Reached *** piety under Okawaru
  9161 | D:8      | Found a basalt altar of Yredelemnul.
  9816 | D:9      | Reached **** piety under Okawaru
  9835 | D:9      | Reached skill level 16 in Unarmed Combat
  9923 | D:9      | Noticed a six-headed hydra
 10348 | D:9      | Noticed a cyclops
 10349 | D:9      | Noticed a skeletal warrior
 10354 | D:9      | Killed a cyclops
 10355 | D:9      | Reached XP level 11. HP: 49/79 MP: 10/13
 10361 | D:9      | Killed a skeletal warrior
 10362 | D:9      | Reached skill level 5 in Invocations
 10400 | D:9      | Killed a six-headed hydra
 11061 | D:9      | Found a staircase to the Lair.
 11315 | D:9      | Reached skill level 17 in Unarmed Combat
 11575 | D:9      | Noticed a centaur warrior
 11617 | D:9      | Killed a centaur warrior
 12205 | D:9      | Identified the +2 shortbow of Kicired {flame, rPois rCorr
                  | Dex-4}
 12205 | D:9      | Noticed a centaur warrior
 12238 | D:9      | Killed a centaur warrior
 12238 | D:9      | Reached ***** piety under Okawaru
 12606 | D:9      | Identified the +6 dagger of Excruciating Pain {flame, Fly
                  | Str+2}
 12711 | Lair:1   | Entered Level 1 of the Lair of Beasts
 13550 | Lair:1   | Reached skill level 18 in Unarmed Combat
 13604 | Lair:1   | Reached XP level 12. HP: 78/85 MP: 17/17
 14797 | Lair:1   | Identified the +4 great sword of Triumph {vorpal, *Slow rN+
                  | Int+8} (Okawaru gifted it to you on level 1 of the Lair of
                  | Beasts)
 14797 | Lair:1   | Received a gift from Okawaru
 15341 | Lair:2   | Reached skill level 19 in Unarmed Combat
 15343 | Lair:2   | Noticed a seven-headed hydra
 15356 | Lair:2   | Killed a seven-headed hydra
 15357 | Lair:2   | Reached skill level 5 in Fighting
 15382 | Lair:2   | Identified the +1 cloak of Zagh {Str+2 Int-2 Stlth+}
                  | (Okawaru gifted it to you on level 2 of the Lair of Beasts)
 15382 | Lair:2   | Received a gift from Okawaru
 15635 | Lair:2   | Found a staircase to the Swamp.
 16015 | Swamp:1  | Entered Level 1 of the Swamp
 16015 | Swamp:1  | Noticed a bunyip
 16025 | Swamp:1  | Killed a bunyip
 16562 | Lair:3   | Found a staircase to the Snake Pit.
 16603 | Lair:3   | Reached XP level 13. HP: 65/104 MP: 18/18
 16745 | Snake:1  | Entered Level 1 of the Snake Pit
 16752 | Snake:1  | HP: 3/104 [constriction[a naga ritualist] (4)]
 16753 | Arena    | Entered the Arena
 16756 | Arena    | Reached skill level 20 in Unarmed Combat
 16785 | Lair:3   | HP: 1/105 [anaconda[a naga ritualist] (13)]
 16785 | Lair:3   | Constricted to death by an anaconda

Illustrated notes

Levels and vault maps discovered:
D:1:      wheals_arrival_shading, layout_basic,
          dreamdust_ecumenical_altar_hidden_monk_grotto, serial_glass,
          glass_columns_c, glass_columns_a, glass_columns_a, glass_columns_a
D:2:      layout_loops_ring, minmay_lizard_pond, uniq_sigmund
D:3:      layout_rooms, mainiacjoe_overflow_brackets, guppyfry_early_lair_pool
D:4:      layout_loops_ring, nicolae_ru_sacrificial_ziggurat,
          fedhas_altar_decomposition, mainiacjoe_overflow_large_starburst,
          minmay_temple_entry_glassed_door, cheibrodos_sewer_entry_drain
D:5:      layout_cave_pods, amcnicky_altar_gilded,
          mainiacjoe_overflow_small_starburst, serial_park, serial_park_gazebo
          [serial_park_minivault_5x5_2], serial_park_tiny_pond,
          serial_park_avenue1, serial_park_square3
          [serial_park_minivault_5x5_4], uniq_blork_the_orc
D:6:      nicolae_cairo_tiling_very_big, layout_gridville,
          nicolae_tso_besieged_by_evil, uniq_maggie, uniq_crazy_yiuf_cottage
D:7:      layout_basic, demons_altar, st_stairs_13, uniq_menkaure
D:8:      layout_loops_ring, lemuel_zombie_altar_yredelemnul, enter_bailey_8,
          uniq_joseph
D:9:      layout_long_grid, grunt_lair_entry_orc_guard_hut, minmay_the_grid_2x2
          [minmay_the_grid_spin_star, minmay_the_grid_tiny_cups,
          minmay_the_grid_empty, minmay_the_grid_prize_shrinking_boxes]
Temple:   hc_temple_tempest_star
Lair:1:   layout_regular_city, minivault_24, lemuel_fruit_tree,
          grunt_megastairs_5
Lair:2:   layout_cave_shapes, nicolae_swamp_entry_splash_gauntlet,
          chequers_serial_rivers_micro_e, st_stairs_6, serial_bayou_shore_a
Lair:3:   layout_loops_ring, guppyfry_snake_entry_garden
Swamp:1:  nicolae_swamp_secret_spriggan_hideout, layout_falls_marsh,
          evilmike_swamp_ruin_house_2, swamp_pool1
Snake:1:  layout_onion, serial_bayou_pond_c

Skill      XL: |  1  2  3  4  5  6  7  8  9 10 11 12 13 |
---------------+----------------------------------------+-----
Unarmed Combat | 4 5 6 7 8 10 12 14 16 18 19 20 | 20.0
Invocations    | 3 4 8 |  8.0
Dodging        | 4 5 |  5.0
Fighting       | 6 7 |  7.0
Throwing       | |  1.7

Action                   |  1- 3 |  4- 6 |  7- 9 | 10-12 | 13-15 || total
-------------------------+-------+-------+-------+-------+-------++-------
Melee: Unarmed           |   104 |   174 |   361 |   604 |     2 ||  1245
       Punch             |     1 |     8 |    25 |    61 |     1 ||    96
Invok: Heroism           |       |       |     1 |    10 |     2 ||    13
       Finesse           |       |       |       |     3 |     1 ||     4
       Duel              |       |       |       |       |     1 ||     1
  Use: Scroll            |       |     2 |     4 |     6 |     1 ||    13
       Potion            |       |       |     2 |     1 |     2 ||     5
 Stab: Sleeping          |       |       |     2 |     3 |       ||     5
       Distracted        |       |       |       |     1 |       ||     1
Armor: Leather armour    |    46 |       |       |    53 |     9 ||   108
       Skin              |     1 |       |       |       |       ||     1
       Ring mail         |       |    61 |    71 |       |       ||   132
       Steam dragon scal |       |       |    27 |    59 |       ||    86
Dodge: Dodged            |    73 |   114 |   179 |   364 |    18 ||   748
